 Dungeon Crawl Stone Soup version 0.28-a0-1510-gd0f6b136d3 (webtiles) character file.

Game seed: 13105906051612567899

450 vineage the Skirmisher (level 6, -1/61 HPs)
             Began as a Minotaur Fighter on Jan 14, 2022.
             Killed by nerve-wracking pain
             ... invoked by Menkaure
              (13 damage)
             ... on level 4 of the Dungeon.
             The game lasted 00:03:13 (3561 turns).

vineage the Skirmisher (Minotaur Fighter)           Turns: 3561, Time: 00:03:13

Health: -1/61      AC:  6    Str: 20    XL:     6   Next: 74%
Magic:  5/5        EV:  9    Int:  5    God:
Gold:   130        SH:  4    Dex: 12    Spells: 5/5 levels left

rFire   . . .      SeeInvis .   a - +0 war axe (vorpal)
rCold   . . .      Faith    .   c - +0 buckler
rNeg    . . .      Spirit   .   b - +0 scale mail
rPois   .          Reflect  .   (helmet restricted)
rElec   .          Harm     .   (no cloak)
rCorr   .          Rampage  .   (no gloves)
Will    .....                   (no boots)
Stlth   ..........              j - amulet of magic regeneration
HPRegen 0.20/turn               (no ring)
MPRegen 0.49/turn               (no ring)

@: hasted, very quick
A: horns 2, retaliatory headbutt
a: no special abilities


You were on level 4 of the Dungeon.
You visited 1 branch of the dungeon, and saw 4 of its levels.

You collected 130 gold pieces.

Inventory:

Hand Weapons
 a - a +0 vorpal war axe (weapon)
Missiles
 d - a throwing net (quivered)
Armour
 b - a +0 scale mail (worn)
 c - a +0 buckler (worn)
 h - a +0 pair of gloves
Jewellery
 j - an amulet of magic regeneration (around neck)
Wands
 i - a wand of charming (5)
 n - a wand of digging (8)
Scrolls
 f - 2 scrolls of amnesia
 g - 3 scrolls of identify
 l - a scroll of noise
Potions
 e - 2 potions of curing
 q - a potion of magic


   Skills:
 * Level 7.9 Fighting
 + Level 5.3 Axes
 - Level 3.6 Armour
 - Level 3.6 Shields


You had 5 spell levels left.
You didn't know any spells.
Your spell library contained the following spells:

 Spells                   Type           Power      Damage    Failure   Level
 Blink                    Tloc           0%         N/A       96%         2
 Gell's Gravitas          Tloc           0%         N/A       99%         3
 Lesser Beckoning         Tloc           0%         N/A       99%         3
 Ozocubu's Armour         Ice            0%         N/A       99%         3
 Teleport Other           Tloc           0%         N/A       99%         3
 Petrify                  Tmut/Erth      0%         N/A       100%        4
 Manifold Assault         Tloc           0%         N/A       100%        5
 Metabolic Englaciation   Hex/Ice        0%         N/A       100%        5
 Statue Form              Tmut/Erth      0%         N/A       100%        6
 Ozocubu's Refrigeration  Ice            0%         4d5       100%        7
 Storm Form               Tmut/Air       0%         N/A       100%        7


Dungeon Overview and Level Annotations

Branches:
Dungeon (4/15)
 Temple: D:4-7

Altars:

Shops:
D:4 ?

Annotations:
D:4 Dowan, Duvessa, Menkaure


Innate Abilities, Weirdness & Mutations

You have a pair of horns on your head.
You reflexively headbutt those who attack you in melee.


Message History

An adder comes into view.
A goblin comes into view. It is wielding a +0 dagger.
The adder hisses angrily.
You slash the orc!
You kill the orc!
The bullfrog hits you.
You closely miss the bullfrog. You headbutt the bullfrog!
The bullfrog is moderately wounded.
The bullfrog hits you.
A kobold comes into view. It is wielding a +0 club.
You block the bullfrog's attack.
You barely miss the bullfrog.
The kobold shouts!
Your headbutt misses the bullfrog.
The bullfrog is moderately wounded.
The bullfrog hits you.
A kobold comes into view. It is wielding a +0 short sword.
You block the bullfrog's attack.
A goblin comes into view. It is wielding a +0 dagger.
You block the bullfrog's attack. The bullfrog closely misses you.
You furiously retaliate!
You headbutt the bullfrog.
Dowan gestures wildly while chanting.
Dowan blinks!
The bullfrog hits you but does no damage.
The bullfrog hits you.
Menkaure, Prince of Dust comes into view.
Menkaure shouts!
The bullfrog barely misses you.
You hit Menkaure.
Menkaure is lightly damaged.
You hit the bullfrog but do no damage. The bullfrog hits you.
Menkaure hits you!! The bullfrog hits you. Menkaure hits you!
* * * LOW HITPOINT WARNING * * *
Okay, then.
You feel yourself speed up.
The bullfrog hits you but does no damage.
Menkaure casts a spell at you. Pain shoots through your body!
You die...

..## #.....# ######.### .. ...##
#.#.#.# #........# ...
....###..#..#######.##e....##oS..
....'...................#..g)o...
....###.....#######.##.###.##.o..
...## #.#.#.# ####.##..#..# g..
..## #.....# #........e..# .K .##
#.###.####.#####g###### K ## #.#
#.....@F.gee........ # #.#
#.....M####.....#''# # #.#
#..#'#'# #..##'# ## #.# ##.#...#
####.)# .## #.# #.#...# +..#..'
..# #.# #.#...####..#'########
.## #.# #.#...#..........#..#.
#######.# #.#...#..##'#....#.)#.
........# #.##'###.#..##'#.##'#)


You could see Duvessa, Menkaure, Dowan, a bullfrog, a hobgoblin and a goblin.

Vanquished Creatures
  A necrophage (D:4)
  A gnoll sergeant (D:4)
  A bullfrog zombie (D:4)
  Natasha (twice) (D:3)
  6 adders
  5 gnolls (D:4)
  A shadow imp (D:4)
  2 adder skeletons (D:4)
  2 dart slugs
  10 orcs
  2 ball pythons (D:1)
  5 endoplasms
  A giant cockroach (D:1)
  14 goblins
  12 hobgoblins
  6 jackals
  13 kobolds
  A quokka (D:3)
  5 bats
  5 frilled lizards
  6 rats
101 creatures vanquished.

Vanquished Creatures (others)
  2 plants (D:4)
2 creatures vanquished.

Grand Total: 103 creatures vanquished

Notes
Turn   | Place    | Note
-------+----------+-------------------------------------------
     0 | D:1      | vineage the Minotaur Fighter began the quest for the Orb.
     0 | D:1      | Reached XP level 1. HP: 19/19 MP: 0/0
   155 | D:1      | Reached skill level 4 in Fighting
   284 | D:1      | Reached XP level 2. HP: 23/27 MP: 1/1
   687 | D:1      | Found a faded altar of an unknown god.
   864 | D:2      | Reached XP level 3. HP: 23/35 MP: 2/2
  1037 | D:2      | Reached skill level 5 in Fighting
  1356 | D:2      | Reached XP level 4. HP: 42/42 MP: 3/3
  2036 | D:3      | Noticed Natasha
  2041 | D:3      | Killed Natasha
  2230 | D:3      | Reached skill level 6 in Fighting
  2465 | D:3      | Noticed Natasha
  2471 | D:3      | Killed Natasha
  2472 | D:3      | Reached XP level 5. HP: 40/50 MP: 4/4
  2508 | D:4      | Found Tuarent's Magic Scroll Emporium.
  2873 | D:4      | Reached skill level 7 in Fighting
  2873 | D:4      | Reached XP level 6. HP: 16/60 MP: 5/5
  3089 | D:4      | Reached skill level 5 in Axes
  3541 | D:4      | Noticed Duvessa
  3543 | D:4      | Noticed Dowan
  3557 | D:4      | Noticed Menkaure
  3561 | D:4      | Killed from afar by Menkaure

Illustrated notes

Levels and vault maps discovered:
D:1:      minmay_arrival_three_doors, layout_basic,
          hellmonk_ecumenical_altar_inner_sanctum
D:2:      layout_basic, grunt_ministairs_9
D:3:      layout_loops_corners, minmay_increasing_density, uniq_natasha
D:4:      corexii_shantytown, layout_loops_corners, serial_shops,
          nicolae_stop_n_shop_1, kennysheep_generic_room_11, uniq_duvessa,
          uniq_menkaure

Skill      XL: |  1  2  3  4  5  6 |
---------------+-------------------+-----
Fighting       | 4 5 6 7 |  7.9
Axes           | 3 4 5 |  5.3
Armour         | |  3.6
Shields        | |  3.6

Action                   |  1- 3 |  4- 6 || total
-------------------------+-------+-------++-------
Melee: War axe           |    81 |   118 ||   199
       Headbutt          |     9 |    13 ||    22
  Use: Scroll            |       |    11 ||    11
       Potion            |       |     3 ||     3
Armor: Scale mail        |    55 |    31 ||    86
Dodge: Dodged            |    39 |    38 ||    77
Block: Buckler           |    17 |    21 ||    38

Table legend: (Time is in decaauts)
 A = Elapsed time spent in this place.
 B = Non-inter-level travel time spent in this place.
 C = Inter-level travel time spent in this place.
 D = Time resting spent in this place.
 E = Time spent auto-exploring this place.
 F = Levels seen in this place.
 G = Mean time per level.
                   A        B        C        D        E       F      G
               +--------+--------+--------+--------+--------+-----+--------+
         Total |   3638 |   3549 |     89 |      0 |   2993 |   4 |  909.5 |
       Dungeon |   3638 |   3549 |     89 |      0 |   2993 |   4 |  909.5 |
               +--------+--------+--------+--------+--------+-----+--------+

Top non-repeatable levels by time:
     D:4: 1078 daAuts
     D:3: 1038 daAuts
     D:1: 817 daAuts
     D:2: 703 daAuts
